 Dungeon Crawl Stone Soup version 0.29-a0-330-g52719c12eb (webtiles) character file.

Game seed: 9565655541962598158

31389 kae the Thaumaturge (level 13, -3/82 HPs)
             Began as a Deep Elf Fire Elementalist on May 4, 2022.
             Was a Priest of Ashenzari.
             Slain by a cane toad (12 damage)
             ... on level 2 of the Lair of Beasts.
             The game lasted 00:18:18 (21601 turns).

kae the Thaumaturge (Deep Elf Fire Elementalist)   Turns: 21601, Time: 00:18:18

Health: -3/82      AC: 11    Str:  5    XL:     13   Next: 25%
Magic:  21/34      EV: 15    Int: 26    God:    Ashenzari [***...]
Gold:   856        SH:  6    Dex: 15    Spells: 17/42 levels left

rFire   + + .      SeeInvis +   B - staff of fire (curse) {Bglg, Elem}
rCold   . . .      Faith    .   o - +3 buckler of Ashenzari's Soothsayer {Bglg, Melee} (curse)
rNeg    . . .      Spirit   .   H - +0 acid dragon scales
rPois   .          Reflect  .   (no helmet)
rElec   .          Harm     .   g - +2 cloak "Moon of the Sphere" {Self, Elem} (curse)
rCorr   +          Rampage  .   (no gloves)
Will    ++...      Clarity  +   N - +1 pair of boots
Stlth   ++........              A - amulet "Anxiety of Ashenzari" {RegenMP, Elem, Bglg} (curse)
HPRegen 0.23/turn               i - ring of protection from fire
MPRegen 0.64/turn               r - ring "Ensconced With Me" {Will+, Range, Elem} (curse)

@: no status effects
A: no striking features
a: Renounce Religion, Curse Item, Shatter the Chains


You were on level 2 of the Lair of Beasts.
You worshipped Ashenzari.
Ashenzari was most pleased with you.
You visited 2 branches of the dungeon, and saw 15 of its levels.
You also visited: Ossuary.

You collected 1005 gold pieces.
You spent 149 gold pieces at shops.

Inventory:

Hand Weapons
 h - a +1 short sword
Armour
 a - a +0 robe
 g - the cursed +2 cloak "Moon of the Sphere" (worn) {Self, Elem}
   (You found it on level 1 of the Dungeon)

   It has a curse which improves the following skills: Introspection: Fighting
   and Spellcasting.
   Elements:  Fire Magic, Ice Magic, Air Magic and Earth Magic.
 o - the cursed +3 buckler of Ashenzari's Soothsayer (worn) {Bglg, Melee}
   (You found it on level 2 of the Dungeon)

   It has a curse which improves the following skills: Beguiling: Conjurations,
   Hexes and Translocations.
   Melee Combat: Short Blades, Long Blades, Axes, Maces & Flails, Polearms,
   Staves and Unarmed Combat.
 H - +0 acid dragon scales (worn)
 N - a +1 pair of boots (worn)
Magical Staves
 B - a cursed staff of fire (weapon) {Bglg, Elem}
Jewellery
 i - a ring of protection from fire (left hand)
 r - the cursed ring "Ensconced With Me" (right hand) {Will+, Range, Elem}
   (You took it off a kobold on level 3 of the Dungeon)

   [ring of willpower]

   Will:      It increases your willpower.
   It has a curse which improves the following skills: Ranged Combat: Slings,
   Bows, Crossbows and Throwing.
   Elements:  Fire Magic, Ice Magic, Air Magic and Earth Magic.
 s - a ring of protection from fire
 t - a ring of protection from cold
 u - a +4 ring of slaying
 y - a ring of resist corrosion
 A - the cursed amulet "Anxiety of Ashenzari" (around neck) {RegenMP, Elem, Bglg}
   (You found it in an ossuary)

   [amulet of magic regeneration]

   It increases your rate of magic regeneration.
   It has a curse which improves the following skills: Elements: Fire Magic, Ice
   Magic, Air Magic and Earth Magic.
   Beguiling: Conjurations, Hexes and Translocations.
 G - a ring of flight
 M - an amulet of reflection
Wands
 l - a wand of digging (16)
 z - a wand of paralysis (4)
 C - a wand of polymorph (6)
 I - a wand of flame (8)
 K - a wand of mindburst (8)
 O - a wand of iceblast (2)
Scrolls
 k - 3 scrolls of immolation
 m - 5 scrolls of teleportation
 p - 5 scrolls of blinking
 q - 2 scrolls of silence
 w - 4 scrolls of enchant armour
 D - 2 scrolls of amnesia
 E - a scroll of brand weapon
 F - a scroll of fog
 J - 2 scrolls of fear
Potions
 b - 5 potions of magic
 c - 3 potions of might
 d - 3 potions of heal wounds
 e - 5 potions of curing
 f - 2 potions of invisibility
 j - 3 potions of haste
 n - a potion of degeneration
 v - 5 potions of lignification
 x - 4 potions of attraction
 L - 2 potions of flight
Miscellaneous
 P - a piece from Xom's chessboard (15/15)


   Skills:
 + Level 8.6(10.3) Fighting
 + Level 12.5 Dodging
 - Level 2.4 Stealth
 + Level 13.6(15.2) Spellcasting
 + Level 11.3(14.5) Conjurations
 + Level 11.8(15.7) Fire Magic


You had 17 spell levels left.
You knew the following spells:

 Your Spells              Type           Power      Damage    Failure   Level
a - Foxfire               Conj/Fire      100%       2x1d9     0%          1
b - Scorch                Fire           100%       2d10      1%          2
c - Conjure Flame         Conj/Fire      99%        6-21      1%          3
d - Inner Flame           Hex/Fire       75%        N/A       1%          3
e - Flame Wave            Conj/Fire      99%        2d16      1%          4
f - Sticky Flame          Conj/Fire      99%        2d11      1%          4
g - Stone Arrow           Conj/Erth      100%       3d13      1%          3
h - Fireball              Conj/Fire      49%        3d19      1%          5

Your spell library contained the following spells:

 Spells                   Type           Power      Damage    Failure   Level
 Static Discharge         Conj/Air       56%        N/A       1%          2
 Ignite Poison            Fire/Tmut/Pois 63%        N/A       3%          3
 Fulminant Prism          Conj/Hex       28%        3d14      3%          4
 Hailstorm                Conj/Ice       56%        3d12      3%          4
 Freeze                   Ice            88%        1d10      7%          1
 Animate Skeleton         Necr           38%        N/A       9%          1
 Lightning Bolt           Conj/Air       28%        1d44      11%         5
 Irradiate                Conj/Tmut      27%        3d22      12%         5
 Frozen Ramparts          Ice            44%        1d6       21%         3
 Conjure Ball Lightning   Conj/Air       28%        3x3d8     50%         6
 Cause Fear               Hex            11%        N/A       56%         4
 Agony                    Necr           19%        N/A       93%         5
 Blade Hands              Tmut           9%         N/A       93%         5
 Dragon Form              Tmut           9%         N/A       100%        7
 Discord                  Hex            11%        N/A       100%        8


Dungeon Overview and Level Annotations

Branches:
Dungeon (13/15) Temple (0/1) D:6 Lair (2/6) D:10 Orc (0/2) D:10 Vaults (0/5) D:12 D:13 Ossuary (visited) Swamp: Lair:2-4 Shoals: Lair:2-4 Snake: Lair:2-4 Spider: Lair:2-4

Altars:
Ashenzari
Cheibriados
Elyvilon
Kikubaaqudgha
Makhleb
Nemelex Xobeh
Qazlal
Sif Muna
Trog
Uskayaw
Vehumet
Wu Jian
Zin

Shops:
D:13 [

Annotations:
D:7 1 runed translucent door, Crazy Yiuf
D:11 Erolcha
Lair:1 2 runed translucent doors, Roaleyf's ghost, journeyman DsDe


Message History

Confirm with . or Enter, or press ? or * to list all spells.
Aiming: Sticky Flame (safe; 1% risk of failure)
Press: ? - help, Shift-Dir - straight line, f - culicivora
Aim: a culicivora (moderately wounded, 100% to hit)
You feel a surge of power!
The sticky flame hits the culicivora!
The culicivora is heavily wounded.
The culicivora is covered in liquid flames!
The culicivora burns!
The culicivora barely misses you.
Casting: Sticky Flame (safe; 1% risk of failure)
Confirm with . or Enter, or press ? or * to list all spells.
You feel a surge of power!
You conjure some foxfire!
The culicivora burns!
The culicivora closely misses you. The culicivora bites you.
The culicivora draws strength from your injuries!
The culicivora burns!
The foxfire hits the culicivora.
The culicivora is severely wounded.
The foxfire hits the culicivora.
The culicivora is severely wounded.
You block the culicivora's attack.
Casting: Foxfire (safe; 0% risk of failure)
Confirm with . or Enter, or press ? or * to list all spells.
You feel a surge of power!
You conjure some foxfire!
The culicivora burns!
You block the culicivora's attack. The culicivora bites you!
The culicivora draws strength from your injuries!
The culicivora burns!
The foxfire hits the culicivora.
The culicivora is almost dead.
The foxfire hits the culicivora.
The culicivora is almost dead.
The culicivora bites you!
The culicivora draws strength from your injuries!
Casting: Foxfire (safe; 0% risk of failure)
Confirm with . or Enter, or press ? or * to list all spells.
You feel a surge of power!
Flames lash the cane toad.
The cane toad is severely wounded.
The cane toad's fire resistance burns away.
The culicivora burns!
You kill the culicivora!
The cane toad stings you!
* * * LOW HITPOINT WARNING * * *
The cane toad stings you!
You die...

* .......# ,, ##
#####......# , ,
,*#.##.#.#......#### , ,
{##................ , ,,
,, #................. ,
,#................. , *
* * #................ *
#^###...#.#......#### *
, #.†@..#####....####.
.....#F...# *#......#...
*
†..,#.#.....##P....#....
, ,* .
#.##.....##.....#....
*#.# ##.P..###.........
* ... ###..#*.....##...
... ,, * .####....,##.#
* .. ## * ,..###+. ,,, *
, , * * * ,.......


You could see a cane toad (combustible).

Vanquished Creatures
  Rupert (D:12)
  Kirke (D:12)
  A hydra (Lair:1)
  2 centaur warriors
  4 two-headed ogres
  Urug (D:13)
  3 tengu warriors (D:13)
  Sonja (D:13)
  3 deep elf pyromancers
  2 ugly things
  2 manticores
  Maurice (D:13)
  A cyclops (D:11)
  2 gargoyles
  An unseen horror (D:11)
  2 cane toads (Lair:1)
  2 tengu conjurers (D:13)
  5 komodo dragons
  2 trolls (D:12)
  A hornet (D:11)
  3 polar bears
  5 slime creatures (D:12)
  A shadow (D:10)
  3 culicivoras (Lair:2)
  A vampire (D:10)
  2 wyverns
  A wraith (D:12)
  16 humans
  Eustachio (D:6)
  4 hogs (D:12)
  24 yaks
  8 vampire mosquitoes
  Menkaure (D:6)
  2 acid dragons (D:10)
  3 water moccasins
  3 wargs (D:10)
  An orc warrior (D:4)
  2 sky beasts
  A black bear (D:4)
  2 ice beasts
  2 ogres
  2 centaurs
  A phantom (D:6)
  A kobold brigand (D:8)
  6 bullfrogs
  3 necrophages
  10 scorpions
  2 wights (D:8)
  5 killer bees (D:9)
  3 howler monkeys
  6 electric eels
  A crimson imp (D:9)
  2 human zombies (Ossuary)
  5 jellies
  3 hounds
  5 orc priests
  2 iguanas
  5 scorpion zombies (Ossuary)
  Natasha (thrice) (D:2)
  8 orc wizards
  3 mummies (Ossuary)
  6 adders
  A shadow imp (D:5)
  An ufetubus (D:4)
  2 worms
  2 dart slugs (D:3)
  31 orcs
  6 ball pythons
  3 bats (D:3)
  3 endoplasms
  5 giant cockroaches
  7 goblins
  8 hobgoblins
  7 jackals (D:3)
  5 quokkas
  2 frilled lizards
  3 goblin zombies (Ossuary)
  2 hobgoblin zombies (Ossuary)
  15 kobolds
  2 kobold zombies (Ossuary)
  An orc zombie (Ossuary)
  2 quokka zombies (D:5)
  6 rats
320 creatures vanquished.

Vanquished Creatures (collateral kills)
  3 foxfires
3 creatures vanquished.

Vanquished Creatures (others)
  927 foxfires
  3 fungi (Lair:1)
  26 plants
956 creatures vanquished.

Grand Total: 1279 creatures vanquished

Notes
Turn   | Place    | Note
-------+----------+-------------------------------------------
     0 | D:1      | kae the Deep Elf Fire Elementalist began the quest for the
                  | Orb.
     0 | D:1      | Reached XP level 1. HP: 10/10 MP: 6/6
    36 | D:1      | Found a faded altar of an unknown god.
   418 | D:1      | Reached XP level 2. HP: 16/16 MP: 6/8
  1015 | D:2      | Learned a level 2 spell: Scorch
  1155 | D:2      | Reached XP level 3. HP: 20/20 MP: 4/9
  1159 | D:2      | Learned a level 3 spell: Conjure Flame
  1256 | D:2      | Noticed Natasha
  1264 | D:2      | Killed Natasha
  1265 | D:2      | Reached skill level 1 in Fighting
  1395 | D:2      | Noticed Natasha
  1425 | D:2      | Killed Natasha
  1426 | D:2      | Reached XP level 4. HP: 18/25 MP: 7/11
  1801 | D:2      | Noticed Natasha
  1807 | D:2      | Killed Natasha
  1808 | D:2      | Reached skill level 4 in Spellcasting
  2270 | D:2      | Reached XP level 5. HP: 29/29 MP: 1/13
  3809 | D:4      | Noticed an orc warrior
  4069 | D:4      | Found an ancient bone altar of Kikubaaqudgha.
  4073 | D:4      | Found a broken altar of Ashenzari.
  4185 | D:4      | Found a shimmering blue altar of Sif Muna.
  4266 | D:4      | Became a worshipper of Ashenzari the Shackled
  4309 | D:4      | Noticed a black bear
  4676 | D:4      | Found a snail-covered altar of Cheibriados.
  4731 | D:4      | Reached XP level 6. HP: 35/35 MP: 10/14
  5266 | D:4      | Killed an orc warrior
  5267 | D:4      | Reached skill level 5 in Spellcasting
  5459 | D:4      | Reached XP level 7. HP: 40/40 MP: 5/16
  5555 | D:5      | Entered Level 5 of the Dungeon
  5578 | D:5      | Reached skill level 5 in Fire Magic
  5644 | D:5      | Found a sand-covered staircase.
  5707 | D:5      | Identified a scroll of acquirement
  5707 | D:5      | Acquired an Everburning Encyclopedia
  5777 | D:5      | Learned a level 3 spell: Inner Flame
  5782 | D:5      | Learned a level 4 spell: Flame Wave
  5787 | D:5      | Learned a level 4 spell: Sticky Flame
  5792 | Ossuary  | Entered an ossuary
  5915 | Ossuary  | Reached skill level 5 in Dodging
  6250 | Ossuary  | Reached skill level 6 in Spellcasting
  6341 | Ossuary  | Reached XP level 8. HP: 18/46 MP: 5/19
  7035 | Ossuary  | Reached skill level 5 in Conjurations
  7732 | D:5      | Reached skill level 7 in Spellcasting
  8325 | D:6      | Found a staircase to the Ecumenical Temple.
  8452 | D:6      | Acquired a staff of fire
  8455 | D:6      | Reached * piety under Ashenzari
  8521 | D:6      | Noticed Eustachio
  8534 | D:6      | Killed Eustachio
  8535 | D:6      | Reached XP level 9. HP: 49/52 MP: 17/22
  8900 | D:6      | Found a sparkling altar of Nemelex Xobeh.
  8942 | D:6      | Noticed Menkaure
  8952 | D:6      | Killed Menkaure
  9378 | D:7      | Reached skill level 8 in Spellcasting
  9631 | D:7      | Reached ** piety under Ashenzari
  9857 | D:7      | Found a glowing silver altar of Zin.
 10214 | D:7      | Found a runed translucent door.
 10215 | D:7      | Noticed Crazy Yiuf
 10426 | D:8      | Reached skill level 5 in Fighting
 10485 | D:8      | Noticed a komodo dragon
 10496 | D:8      | Killed a komodo dragon
 10588 | D:8      | Found an ornate altar of the Wu Jian Council.
 11028 | D:8      | Reached *** piety under Ashenzari
 11056 | D:9      | Reached skill level 9 in Spellcasting
 11056 | D:9      | Reached XP level 10. HP: 61/61 MP: 21/26
 11082 | D:9      | Found a stormy altar of Qazlal.
 11112 | D:9      | Noticed a gargoyle
 11128 | D:9      | Killed a gargoyle
 11284 | D:9      | Identified Sif Muna's Tome of the Mountains and Unholy
                  | Secrets
 11625 | D:9      | Identified the +5 glaive of Zaedanku {vorpal, rC- Dex+4}
 11722 | D:9      | Found a burning altar of Makhleb.
 11722 | D:9      | Found a radiant altar of Vehumet.
 11815 | D:9      | Learned a level 3 spell: Stone Arrow
 11847 | D:10     | Entered Level 10 of the Dungeon
 11859 | D:10     | Found a white marble altar of Elyvilon.
 11894 | D:10     | Found a staircase to the Lair.
 11969 | D:10     | Noticed a two-headed ogre
 12054 | D:10     | Killed a two-headed ogre
 12055 | D:10     | Reached skill level 10 in Spellcasting
 12102 | D:10     | Acquired Vehumet's Incunabulum of Arcane Weapons and Heat
 12110 | D:10     | Learned a level 5 spell: Fireball
 12234 | D:11     | Noticed a two-headed ogre
 12448 | D:10     | Found a hide-covered altar of Uskayaw.
 12458 | D:10     | Found a bloodstained altar of Trog.
 12812 | D:10     | Found a staircase to the Orcish Mines.
 13028 | D:11     | Reached XP level 11. HP: 44/68 MP: 22/29
 13495 | D:11     | Noticed Erolcha
 13945 | D:11     | Killed a two-headed ogre
 14099 | D:11     | Noticed a two-headed ogre
 14112 | D:11     | Killed a two-headed ogre
 14113 | D:11     | Reached skill level 10 in Dodging
 14113 | D:11     | Reached skill level 11 in Spellcasting
 14116 | D:11     | Noticed a cyan ugly thing
 14125 | D:11     | Killed a cyan ugly thing
 14831 | D:12     | Noticed a deep elf pyromancer
 14835 | D:12     | Killed a deep elf pyromancer
 15114 | D:12     | Noticed Kirke
 15595 | D:12     | Noticed a lindwurm
 15600 | D:12     | Noticed a lindwurm
 15600 | D:12     | Killed Kirke
 15601 | D:12     | Reached skill level 10 in Fire Magic
 15936 | D:12     | Found a bloodstained altar of Trog.
 16063 | D:12     | Reached XP level 12. HP: 65/76 MP: 27/31
 16067 | D:12     | Reached skill level 12 in Spellcasting
 16581 | D:13     | Noticed a centaur warrior
 16581 | D:13     | Noticed Urug
 16581 | D:13     | Noticed Rupert
 16581 | D:13     | Noticed a centaur warrior
 16581 | D:13     | Found a gate to the Vaults.
 16670 | D:13     | Noticed a two-headed ogre
 16682 | D:13     | Killed a two-headed ogre
 16683 | D:13     | Reached skill level 10 in Conjurations
 17337 | D:12     | Killed Rupert
 17574 | D:12     | Killed a centaur warrior
 18569 | D:13     | Killed a centaur warrior
 18689 | D:13     | Noticed Sonja
 18693 | D:13     | Killed Sonja
 18694 | D:13     | Reached skill level 13 in Spellcasting
 18754 | D:13     | Noticed a tengu warrior
 18761 | D:13     | Killed a tengu warrior
 18898 | D:13     | Found Iziek's Armour Boutique.
 18992 | D:13     | Bought a +1 pair of boots for 149 gold pieces
 19007 | D:13     | Noticed a tengu warrior
 19012 | D:13     | Killed a tengu warrior
 19162 | D:13     | Killed Urug
 19376 | D:13     | Noticed Maurice
 19380 | D:13     | Killed Maurice
 19436 | D:13     | Reached XP level 13. HP: 73/82 MP: 33/33
 20254 | Lair:1   | Entered Level 1 of the Lair of Beasts
 20931 | Lair:1   | Found a large runed translucent door.
 20931 | Lair:1   | Found a large runed translucent door.
 20932 | Lair:1   | Noticed Roaleyf's ghost (journeyman DsDe)
 21601 | Lair:2   | Slain by a cane toad

Illustrated notes

Levels and vault maps discovered:
D:1:      dpeg_arrival_radiant, layout_rooms,
          shapermc_ecumenical_altar_flowoftime
D:2:      layout_basic, uniq_natasha
D:3:      layout_basic, bh_walls_and_bars
D:4:      layout_loops_ring, cheibriados_altar_1, lemuel_blue_sif_altar,
          minitemple, guppyfry_early_orc_mine
D:5:      layout_loops_corners, serial_bayou, serial_bayou_pond_d,
          serial_bayou_pond_a, serial_bayou_pond_e, serial_bayou_pond_e,
          enter_ossuary_4, chequers_serial_rivers_large_a,
          nicolae_figureground_pulse
D:6:      nicolae_cairo_tiling, layout_basic, mainiacjoe_overflow_alcove_1,
          minmay_temple_entry_trees, serial_bayou, serial_bayou_pond_c,
          serial_bayou_shore_a, serial_bayou_pond_d, serial_bayou_shore_b,
          uniq_menkaure, uniq_eustachio
D:7:      layout_loops_ring, mainiacjoe_overflow_concentric_impassable,
          uniq_crazy_yiuf_cottage
D:8:      layout_basic, nicolae_wu_jian_wuxing_cycle, ebering_ghost_rock_garden
D:9:      layout_rooms, grunt_temple_overflow_lords_of_destruction,
          mainiacjoe_overflow_catwalk
D:10:     layout_basic, general_overflow_altar,
          mainiacjoe_overflow_catwalk_spiral, lair_entry_dummy,
          minmay_orc_entry_guard_dogs
D:11:     layout_stronghold, uniq_erolcha
D:12:     layout_grid_maze, trog_ov_bears_minmay, uniq_kirke
D:13:     layout_small_grid, david_vaults_3, serial_shops, nicolae_shop_stone,
          chequers_serial_rivers_marsh, hellmonk_bongcloud_opening,
          minmay_misc_feat_ornament, serial_bayou_ford_a, uniq_maurice,
          uniq_sonja
Lair:1:   layout_cave_pods, ebering_ghost_disaster_area,
          dreamdust_mushroom_princess, st_stairs_7,
          chequers_serial_rivers_micro_b, grunt_megastairs_5, lemuel_fruit_tree
Lair:2:   layout_regular_city, hellmonk_spider_entry_life_and_decay,
          small_statue_intersection, infiniplex_staircase_pool

Skill      XL: |  1  2  3  4  5  6  7  8  9 10 11 12 |
---------------+-------------------------------------+-----
Fighting       | 1 2 3 4 5 6 7 8 |  8.6
Dodging        | 3 4 5 6 8 9 10 12 | 12.5
Conjurations   | 2 3 4 5 7 8 9 11 | 11.3
Spellcasting   | 4 5 6 7 9 10 11 13 | 13.6
Fire Magic     | 4 5 6 7 9 10 11 | 11.8
Stealth        | |  2.4

Action                   |  1- 3 |  4- 6 |  7- 9 | 10-12 | 13-15 || total
-------------------------+-------+-------+-------+-------+-------++-------
Melee: Unarmed           |     4 |       |       |       |       ||     4
       Short sword       |       |     4 |       |       |       ||     4
       Staff             |       |       |    14 |    72 |       ||    86
 Cast: Foxfire           |    55 |   126 |   188 |   132 |    54 ||   555
       Scorch            |     1 |    26 |    50 |    72 |    15 ||   164
       Conjure Flame     |       |     5 |     5 |    10 |     4 ||    24
       Flame Wave        |       |       |    14 |    23 |     5 ||    42
       Sticky Flame      |       |       |     1 |    16 |     3 ||    20
       Inner Flame       |       |       |     1 |     2 |     1 ||     4
       Fireball          |       |       |       |    33 |     4 ||    37
       Stone Arrow       |       |       |       |     2 |       ||     2
Invok: Curse Item        |       |       |     5 |       |       ||     5
Evoke: Wand              |       |       |     1 |     4 |       ||     5
  Use: Scroll            |       |     5 |    17 |     3 |       ||    25
       Potion            |       |       |       |       |     1 ||     1
Armor: Robe              |     3 |    10 |    22 |    20 |       ||    55
       Acid dragon scale |       |       |       |    64 |     8 ||    72
Dodge: Dodged            |    15 |    25 |    73 |   197 |    33 ||   343
Block: Buckler           |       |       |    23 |    86 |    25 ||   134

Table legend: (Time is in decaauts)
 A = Elapsed time spent in this place.
 B = Non-inter-level travel time spent in this place.
 C = Inter-level travel time spent in this place.
 D = Time resting spent in this place.
 E = Time spent auto-exploring this place.
 F = Levels seen in this place.
 G = Mean time per level.
                   A        B        C        D        E       F      G
               +--------+--------+--------+--------+--------+-----+--------+
         Total |  21731 |  20762 |    969 |   2889 |  14792 |  16 | 1358.2 |
       Dungeon |  19025 |  18091 |    934 |   2498 |  12990 |  13 | 1463.5 |
          Lair |   1349 |   1314 |     35 |      0 |   1125 |   2 |  674.5 |
       Ossuary |   1356 |   1356 |      0 |    391 |    676 |   1 | 1356.0 |
               +--------+--------+--------+--------+--------+-----+--------+

Top non-repeatable levels by time:
    D:12: 3559 daAuts
    D:13: 1938 daAuts
    D:11: 1896 daAuts
     D:4: 1722 daAuts
     D:3: 1499 daAuts
     D:2: 1497 daAuts
     D:6: 1416 daAuts
 Ossuary: 1356 daAuts
  Lair:1: 1288 daAuts
     D:5: 1104 daAuts
     D:7: 1063 daAuts
    D:10: 1046 daAuts
     D:1: 837 daAuts
     D:9: 814 daAuts
     D:8: 629 daAuts
